 Dungeon Crawl Stone Soup version 0.29-a0-8-g0446c0dae4 (webtiles) character file.

Game seed: 3015181430191981883

478 lonewolfV2 the Ruffian (level 6, -12/61 HPs)
             Began as a Troll Fighter on Jan 27, 2022.
             Was an Initiate of Ashenzari.
             Mangled by a yak (16 damage)
             ... on level 5 of the Dungeon.
             The game lasted 00:11:29 (3503 turns).

lonewolfV2 the Ruffian (Troll Fighter)              Turns: 3503, Time: 00:11:29

Health: -12/61     AC:  4    Str: 27    XL:     6   Next: 86%
Magic:  5/5        EV:  9    Int:  4    God:    Ashenzari [......]
Gold:   88         SH:  0    Dex:  9    Spells: 5/5 levels left

rFire   . . .      SeeInvis .   p - +5 dagger (drain)
rCold   . . .      Faith    .   b - +1 kite shield
rNeg    . . .      Spirit   .   a - +0 robe
rPois   .          Reflect  .   (helmet restricted)
rElec   .          Harm     .   (no cloak)
rCorr   .          Rampage  .   (gloves unavailable)
Will    .....                   (boots unavailable)
Stlth   +.........              (no amulet)
HPRegen 1.00/turn               (no ring)
MPRegen 0.09/turn               (no ring)

@: confused, mighty, lethally poisoned (-12 -> -16), ambrosia-drunk
A: large, unfitting armour, claws 3, regeneration 1, shaggy fur 1, tough skin 1
a: Renounce Religion


You were on level 5 of the Dungeon.
You worshipped Ashenzari.
Ashenzari was noncommittal.
You visited 2 branches of the dungeon, and saw 6 of its levels.

You collected 88 gold pieces.

Inventory:

Hand Weapons
 p - a +5 dagger of draining (weapon)
Armour
 a - a +0 robe (worn)
 b - a +1 kite shield (worn)
Scrolls
 e - a scroll of teleportation
 f - a scroll of identify
 l - 2 scrolls of enchant armour
Potions
 c - a potion of might
 d - 2 potions of lignification
 h - a potion of degeneration
 j - a potion of brilliance {unknown}
 o - a potion of curing {unknown}


   Skills:
 + Level 3.1 Fighting
 + Level 0.2 Short Blades
 + Level 3.9 Dodging
 + Level 0.3 Stealth
 + Level 3.6 Shields
 + Level 4.7 Unarmed Combat


You had 5 spell levels left.
You didn't know any spells.
Your spell library was empty.

Dungeon Overview and Level Annotations

Branches:
Dungeon (5/15)             Temple (1/1) D:4

Altars:
Ashenzari
Cheibriados
Dithmenos
Elyvilon
Fedhas
Gozag
Hepliaklqana
Kikubaaqudgha
Nemelex Xobeh
Okawaru
Qazlal
Ru
Sif Muna
Trog
Uskayaw
Vehumet
Wu Jian
Xom
Yredelemnul
Zin
The Shining One


Innate Abilities, Weirdness & Mutations

You are too large for most types of armour.
You have claws for hands.
Your natural rate of healing is unusually fast.
You are covered in fur. (AC +1)
You have tough skin. (AC +1)


Message History

You hit the yak.
The yak is moderately wounded.
The adder bites you but does no damage. You block the white imp's attack.
You block the yak's attack. The yak gores you! The adder bites you.
You puncture the yak!
The yak is severely wounded.
The white imp gestures at you. The puff of frost hits you.
You block the yak's attack. The adder barely misses you.
You hit the yak. You drain the yak.
The yak is lightly wounded.
You block the adder's attack.
The white imp summons a swarm of flies.
The white imp hits you but does no damage.
The yak gores you. The yak gores you!
* * * LOW HITPOINT WARNING * * *
It was a potion of ambrosia.
You are confused.
You feel invigorated. The adder bites you.
* * * LOW HITPOINT WARNING * * *
You are poisoned.
The adder poisons you! The white imp barely misses you. The yak gores you.
* * * LOW HITPOINT WARNING * * *
The adder bites you but does no damage.
You puncture the yak!
The yak is moderately wounded.
You feel sick.
The white imp hits you but does no damage.
The yak gores you!
* * * LOW HITPOINT WARNING * * *
The adder barely misses you. The yak gores you but does no damage.
You puncture the yak! You drain the yak.
The yak is severely wounded.
You feel sick. The white imp closely misses you. The adder bites you.
* * * LOW HITPOINT WARNING * * *
You are more poisoned.
The adder poisons you! The yak gores you!
* * * LOW HITPOINT WARNING * * *
The yak gores you!
You die...

.# #. ..? .#
#.. .5.##
##.###.#.#
#...#..Y.#
#.YS#5Y#
#Y@Y.###.# ##.
##Y......#
#...#....#####
#...#..#
..$.#..)##
#########


You could see 6 yaks, an adder and a white imp.

Vanquished Creatures
  A water moccasin (D:4)
  An ogre (D:4)
  A necrophage (D:4)
  An orc priest (D:3)
  An orc wizard (D:3)
  Robin (D:4)
  5 adders
  An ufetubus (D:4)
  3 worms
  4 dart slugs
  4 orcs
  4 ball pythons
  3 bats
  4 endoplasms (D:1)
  5 giant cockroaches
  11 goblins
  7 hobgoblins
  3 jackals (D:1)
  2 quokkas
  3 frilled lizards
  3 kobolds
  4 rats
  A bush (Temple)
73 creatures vanquished.

Vanquished Creatures (others)
  3 withered plants (D:1)
3 creatures vanquished.

Grand Total: 76 creatures vanquished

Notes
Turn   | Place    | Note
-------+----------+-------------------------------------------
     0 | D:1      | lonewolfV2 the Troll Fighter began the quest for the Orb.
     0 | D:1      | Reached XP level 1. HP: 22/22 MP: 0/0
   151 | D:1      | Reached XP level 2. HP: 28/29 MP: 1/1
   212 | D:1      | Found a faded altar of an unknown god.
   723 | D:2      | Reached XP level 3. HP: 34/36 MP: 2/2
  1287 | D:3      | Reached XP level 4. HP: 29/44 MP: 3/3
  1329 | D:3      | Reached skill level 3 in Unarmed Combat
  1419 | D:3      | Reached XP level 5. HP: 35/52 MP: 4/4
  2021 | D:4      | Found a staircase to the Ecumenical Temple.
  2115 | D:4      | Noticed a necrophage
  2121 | D:4      | Killed a necrophage
  2122 | D:4      | Reached skill level 4 in Unarmed Combat
  2148 | D:4      | Identified the +4 hunting sling of Joyful Slaughter {flame,
                  | rElec rF+ MP-9 Stlth+}
  2174 | Temple   | Entered the Ecumenical Temple
  2759 | Temple   | Became a worshipper of Ashenzari the Shackled
  2797 | D:4      | Noticed a water moccasin
  2807 | D:4      | Killed a water moccasin
  2808 | D:4      | Reached XP level 6. HP: 47/61 MP: 5/5
  2874 | D:4      | Noticed Robin
  2885 | D:4      | Killed Robin
  3486 | D:5      | Entered Level 5 of the Dungeon
  3486 | D:5      | Noticed a yak
  3487 | D:5      | Noticed a yak
  3489 | D:5      | Noticed a yak
  3491 | D:5      | Noticed a yak
  3493 | D:5      | Noticed a yak
  3496 | D:5      | Noticed a yak
  3503 | D:5      | Mangled by a yak

Illustrated notes

Levels and vault maps discovered:
D:1:      minmay_arrival_checkered_box, layout_loops_ring,
          ebering_ecumenical_altar_petrified
D:2:      layout_rooms, minmay_tiny_reverse_x
D:3:      layout_basic, serial_curves, eino_curves_04, eino_curves_04
D:4:      layout_loops_cross, minmay_temple_entry_junction_2,
          gup_sewer_entry_bowl, uniq_robin
D:5:      layout_basic, mainiacjoe_overflow_alcove_1,
          minmay_misc_feat_four_crosses
Temple:   mainiacjoe_temple_circle_huts

Skill      XL: |  1  2  3  4  5 |
---------------+----------------+-----
Dodging        | 3 |  3.9
Shields        | 3 |  3.6
Unarmed Combat | 3 4 |  4.7
Fighting       | 3 |  3.1
Short Blades   | |  0.2
Stealth        | |  0.3

Action                   |  1- 3 |  4- 6 || total
-------------------------+-------+-------++-------
Melee: Unarmed           |   111 |   130 ||   241
       Dagger            |       |    39 ||    39
  Use: Scroll            |       |     8 ||     8
       Potion            |       |     2 ||     2
Armor: Robe              |    46 |    50 ||    96
Dodge: Dodged            |    38 |    51 ||    89
Block: Kite shield       |    48 |    47 ||    95

Table legend: (Time is in decaauts)
 A = Elapsed time spent in this place.
 B = Non-inter-level travel time spent in this place.
 C = Inter-level travel time spent in this place.
 D = Time resting spent in this place.
 E = Time spent auto-exploring this place.
 F = Levels seen in this place.
 G = Mean time per level.
                   A        B        C        D        E       F      G
               +--------+--------+--------+--------+--------+-----+--------+
         Total |   3536 |   3244 |    292 |      0 |   2039 |   6 |  589.3 |
       Dungeon |   2928 |   2772 |    156 |      0 |   1952 |   5 |  585.6 |
        Temple |    608 |    472 |    136 |      0 |     87 |   1 |  608.0 |
               +--------+--------+--------+--------+--------+-----+--------+

Top non-repeatable levels by time:
     D:4: 917 daAuts
     D:3: 768 daAuts
     D:1: 719 daAuts
  Temple: 608 daAuts
     D:2: 505 daAuts
     D:5: 17 daAuts
